 Dungeon Crawl Stone Soup version 0.31-a0-358-gac0dbeb3ab (webtiles) character file.

Game seed: 16874960489035114871

1736 randomguy2701 the Cleaver (level 8, -9/70 HPs)
             Began as a Minotaur Fighter on July 26, 2023.
             Was a Priest of Okawaru.
             Killed from afar by a steam dragon (21 damage)
             ... with a ball of steam
             ... on level 7 of the Dungeon.
             The game lasted 00:10:52 (5472 turns).

randomguy2701 the Cleaver (Minotaur Fighter)        Turns: 5472, Time: 00:10:53

Health: -9/70      AC: 10    Str: 20    XL:     8   Next: 76%
Magic:  6/8        EV: 11    Int:  5    God:    Okawaru [***...]
Gold:   473        SH: 16    Dex: 13    Spells: 7/7 levels left

rFire   . . .        a - +0 war axe
rCold   . . .        t - +0 tower shield
rNeg    + . .        b - +0 scale mail
rPois   .            (helmet restricted)
rElec   .            (no cloak)
rCorr   .            C - +0 pair of gloves
SInv    .            (no boots)
Will    .....        (no amulet)
Stlth   ++           h - ring of positive energy
HPRegen 0.31/turn    (no ring)
MPRegen 0.11/turn

%: no passive effects
@: heroic
A: horns 2, retaliatory headbutt
a: Renounce Religion, Heroism


You were on level 7 of the Dungeon.
You worshipped Okawaru.
Okawaru was most pleased with you.
You visited 1 branch of the dungeon, and saw 7 of its levels.

You collected 473 gold pieces.

Inventory:

Hand Weapons
 a - a +0 war axe (weapon)
Armour
 b - a +0 scale mail (worn)
 c - a +0 buckler
 t - a +0 tower shield (worn)
 C - a +0 pair of gloves (worn)
Jewellery
 h - a ring of positive energy (left hand)
 o - a ring of ice
 A - a ring of ice
Wands
 l - a wand of iceblast (7)
 u - a wand of polymorph (9)
Scrolls
 f - 8 scrolls of identify {unknown}
 g - 3 scrolls of teleportation {unknown}
 i - 3 scrolls of immolation {unknown}
 j - 2 scrolls of blinking {unknown}
 m - 2 scrolls of torment {unknown}
 p - a scroll of silence {unknown}
 q - 2 scrolls of fear {unknown}
 s - a scroll of acquirement {unknown}
 y - a scroll of amnesia {unknown}
 B - a scroll of vulnerability {unknown}
Potions
 d - 2 potions of might
 e - 3 potions of lignification {unknown}
 k - a potion of resistance {unknown}
 n - 2 potions of cancellation {unknown}
 r - 3 potions of magic {unknown}
 v - a potion of enlightenment {unknown}
 w - 2 potions of heal wounds {unknown}
 x - 3 potions of brilliance {unknown}
 z - a potion of attraction {unknown}


   Skills:
 + Level 6.1(11.1) Fighting
 + Level 9.1(14.1) Axes
 + Level 6.8(11.8) Armour
 + Level 3.6(8.6) Dodging
 - Level 0.2(5.2) Stealth
 + Level 5.6(10.6) Shields
 * Level 2.2 Invocations


You had 7 spell levels left.
You didn't know any spells.
Your spell library contained the following spells:

 Spells                   Type           Power      Damage    Failure   Level
 Magic Dart               Conj           0%         1d3       99%         1
 Cigotuvi's Dreadful Rot  Necr/Pois/Air  0%         N/A       100%        2
 Searing Ray              Conj           0%         2d4       100%        2
 Dispel Undead            Necr           0%         3d6       100%        4
 Fulminant Prism          Conj/Hex       0%         3d5       100%        4
 Death Channel            Necr           Unusable   N/A       N/A         6

Dungeon Overview and Level Annotations

Branches:
Dungeon (7/15)             Temple (0/1) D:4

Altars:
Ashenzari
Fedhas
Kikubaaqudgha
Okawaru
The Shining One


Innate Abilities, Weirdness & Mutations

You have a pair of horns on your head.
You reflexively headbutt those who attack you in melee.


Message History

You hit the steam dragon.
The steam dragon is lightly wounded.
The steam dragon completely misses you.
The steam dragon claws you but does no damage.
The steam dragon breathes steam at you. The ball of steam hits you!
You hit the steam dragon but do no damage.
You headbutt the steam dragon, but do no damage.
The steam dragon is lightly wounded.
You are engulfed in a cloud of scalding steam.
You block the steam dragon's attack.
The steam dragon claws you but does no damage.
You slash the steam dragon!
The steam dragon is moderately wounded.
The steam dragon breathes steam at you. The ball of steam hits you!!
You block the steam dragon's attack. x2
You block the steam dragon's attack.
The steam dragon claws you but does no damage.
You closely miss the steam dragon. Your headbutt misses the steam dragon.
The steam dragon is moderately wounded.
You block the steam dragon's attack. The steam dragon claws you.
The steam dragon breathes steam at you. The ball of steam hits you!!
* * * LOW HITPOINT WARNING * * *
You block the steam dragon's attack. x2
You closely miss the steam dragon.
You headbutt the steam dragon, but do no damage.
The steam dragon is moderately wounded.
The steam dragon bites you but does no damage.
The steam dragon claws you.
* * * LOW HITPOINT WARNING * * *
You gain the combat prowess of a mighty hero.
You block the steam dragon's attack. The steam dragon claws you.
* * * LOW HITPOINT WARNING * * *
You closely miss the steam dragon.
The steam dragon is moderately wounded.
The steam dragon breathes steam at you. The ball of steam hits you!!
You die...

#......# #....
#......##+###.##
#...........#.##
#####...........#...
#...............#...
#.........<.....#...
#...............####
#...ยง......##'#.....
#..@D).....#..#.....
#.....#+###....#..#.....
#.... #....#..#.....
+... #....#+####### #..
#..!.# #. #....# #
#."..# #....+


You could see a steam dragon (catching breath).

Vanquished Creatures
  Grinder (D:3)
  Prince Ribbit (D:5)
  Menkaure (D:5)
  An ice beast (D:6)
  An ogre (D:5)
  2 bullfrogs
  3 scorpions
  A howler monkey (D:4)
  2 hounds (D:5)
  A jelly (D:6)
  A sleepcap (D:4)
  An orc priest (D:6)
  Crazy Yiuf (D:4)
  3 iguanas
  Natasha (thrice) (D:3)
  A mummy (D:4)
  Robin (D:3)
  11 gnolls
  10 adders
  2 worms (D:2)
  5 dart slugs
  18 orcs
  10 bats
  5 endoplasms
  6 giant cockroaches
  16 goblins
  9 hobgoblins
  11 jackals
  12 kobolds
  8 quokkas
  5 ball pythons
  3 frilled lizards
  8 rats
164 creatures vanquished.

Notes
Turn   | Place    | Note
-------+----------+-------------------------------------------
     0 | D:1      | randomguy2701 the Minotaur Fighter began the quest for the
                  | Orb.
     0 | D:1      | Reached XP level 1. HP: 19/19 MP: 0/0
   118 | D:1      | Reached XP level 2. HP: 27/27 MP: 1/1
   149 | D:1      | Found a faded altar of an unknown god.
   481 | D:1      | Reached skill level 3 in Axes
   684 | D:1      | Reached XP level 3. HP: 33/33 MP: 2/2
   857 | D:2      | Found a blossoming altar of Fedhas.
  1043 | D:2      | Reached XP level 4. HP: 39/40 MP: 3/3
  1269 | D:1      | Prayed at the altar of an unknown god.
  1269 | D:1      | Became a worshipper of Warmaster Okawaru
  1269 | D:1      | Reached * piety under Okawaru
  1305 | D:3      | Noticed Grinder
  1312 | D:3      | Reached skill level 4 in Axes
  1324 | D:3      | Killed Grinder
  1324 | D:3      | Reached ** piety under Okawaru
  1325 | D:3      | Reached skill level 5 in Axes
  1325 | D:3      | Reached skill level 1 in Dodging
  1325 | D:3      | Reached XP level 5. HP: 43/47 MP: 2/4
  1325 | D:3      | Reached XP level 6. HP: 48/53 MP: 2/5
  1368 | D:3      | Noticed Natasha
  1374 | D:3      | Killed Natasha
  1808 | D:3      | Noticed Robin
  1815 | D:3      | Reached skill level 6 in Axes
  1817 | D:3      | Killed Robin
  1874 | D:3      | Noticed Natasha
  1877 | D:3      | Killed Natasha
  1926 | D:3      | Noticed Natasha
  1931 | D:3      | Killed Natasha
  2380 | D:4      | Reached skill level 5 in Armour
  2410 | D:4      | Reached XP level 7. HP: 60/60 MP: 6/6
  2446 | D:4      | Found a staircase to the Ecumenical Temple.
  2524 | D:4      | Reached skill level 5 in Fighting
  2622 | D:4      | Found a sand-covered staircase.
  2630 | D:4      | Reached skill level 7 in Axes
  3178 | D:4      | Found a runed translucent door.
  3179 | D:4      | Noticed Crazy Yiuf
  3192 | D:5      | Entered Level 5 of the Dungeon
  3211 | D:5      | Found a glowing golden altar of the Shining One.
  3212 | D:5      | Found a broken altar of Ashenzari.
  3213 | D:5      | Found an ancient bone altar of Kikubaaqudgha.
  3463 | D:5      | Noticed Menkaure
  3481 | D:5      | Killed Menkaure
  3647 | D:5      | Noticed Prince Ribbit
  3657 | D:5      | Killed Prince Ribbit
  3657 | D:5      | Reached *** piety under Okawaru
  3658 | D:5      | Reached skill level 8 in Axes
  3658 | D:5      | Reached skill level 5 in Shields
  3658 | D:5      | Reached XP level 8. HP: 37/69 MP: 7/7
  4311 | D:6      | Reached skill level 1 in Invocations
  4865 | D:6      | Reached skill level 9 in Axes
  4939 | D:6      | Identified the +0 falchion of the Grand God {flame, rC+
                  | Str+2 SInv}
  5300 | D:4      | Killed Crazy Yiuf
  5472 | D:7      | Killed from afar by a steam dragon

Illustrated notes

Levels and vault maps discovered:
D:1:      nzn_arrival_water_spiral, layout_basic,
          hellmonk_ecumenical_altar_pennies_from_heaven, hangedman_decor_lopped,
          dreamdust_princess_bridge, st_stairs_9, hex_tiny,
          chequers_serial_rivers_small_a
D:2:      layout_basic, basic_altar, serial_bayou_lagoon_a
D:3:      layout_basic, grunt_decor_mini_mirrors, uniq_robin, uniq_natasha,
          uniq_grinder
D:4:      layout_gridville, minmay_temple_entry_gardened_gates,
          gup_ossuary_entry_pyramid, nicolae_half_adder, uniq_crazy_yiuf_cottage
D:5:      layout_gridville, chequers_temple_overflow_statue_of_worship,
          minmay_misc_feat_square, minmay_gold_behind_fungi,
          minmay_misc_feat_more_columns, uniq_menkaure, uniq_prince_ribbit1
D:6:      layout_loops_ring
D:7:      layout_gridville, uniq_maggie

Skill      XL: |  1  2  3  4  5  6  7  8 |
---------------+-------------------------+-----
Armour         | 4 5 6 |  6.8
Axes           | 3 5 6 8 9 |  9.1
Fighting       | 4 5 6 |  6.1
Shields        | 4 5 |  5.6
Dodging        | 1 2 3 |  3.6
Invocations    | 2 |  2.2
Stealth        | |  0.2

Action                     |  1- 3 |  4- 6 |  7- 9 || total
---------------------------+-------+-------+-------++-------
  Melee: War axe           |   119 |    90 |   153 ||   362
         Headbutt          |    13 |    10 |    31 ||    54
 Invoke: Heroism           |       |     2 |     4 ||     6
 Armour: Scale mail        |    52 |    33 |    36 ||   121
  Dodge: Dodged            |    67 |    46 |    36 ||   149
  Block: Buckler           |    27 |    19 |       ||    46
         Tower shield      |       |    12 |    98 ||   110

Table legend: (Time is in decaauts)
 A = Elapsed time spent in this place.
 B = Non-inter-level travel time spent in this place.
 C = Inter-level travel time spent in this place.
 D = Time resting spent in this place.
 E = Time spent auto-exploring this place.
 F = Levels seen in this place.
 G = Mean time per level.
                   A        B        C        D        E       F      G
               +--------+--------+--------+--------+--------+-----+--------+
         Total |   5623 |   5251 |    372 |    104 |   4170 |   7 |  803.3 |
       Dungeon |   5623 |   5251 |    372 |    104 |   4170 |   7 |  803.3 |
               +--------+--------+--------+--------+--------+-----+--------+

Top non-repeatable levels by time:
     D:4: 1171 daAuts
     D:3: 1038 daAuts
     D:6: 988 daAuts
     D:5: 930 daAuts
     D:1: 848 daAuts
     D:2: 521 daAuts
     D:7: 124 daAuts
